AoeStats
← Pandaduongvat

Arabia

510147154Analyzed
1v1 RM · 21h ago on Sep 29, 2026· 54m 36s· 2 players
Game mode
Random Map
Map size
Tiny (2 player)
Population
200
Speed
Normal
Resources
Standard
Victory
Conquest
Starting age
Dark Age
Ending age
Imperial Age
RankedLock teamsTeams togetherTeam positionsShared explorationLock speedFull tech treeHidden civsTurbo modeCheats
Victory
Defeat
🇨🇿 Britons · Czechia
1031
+18
🇬🇧 Mongols · United Kingdom
1064
-18
Qars
8:32 Feudal Age
6:50 Loom
8:35 Feudal Age
10:19 Double-Bit Axe
10:52 Horse Collar
21:19 Wheelbarrow
20:31 Town Watch
20:39 Gold Mining
23:44 Castle Age
22:18 Forging
22:14 Scale Barding Armor
22:20 Bloodlines
24:49 Chain Barding Armor
25:04 Bow Saw
24:55 Heavy Plow
35:50 Wheelbarrow
35:17 Fletching
35:31 Padded Archer Armor
36:04 Elite Skirmisher
37:12 Stone Mining
39:27 Leather Archer Armor
39:57 Fletching
41:57 Bodkin Arrow
46:06 Gold Shaft Mining
48:38 Imperial Age
49:22 Iron Casting
51:36 Bracer
52:54 Parthian Tactics
53:05 Light Cavalry
54:48 Blast Furnace
Pandaduongvat
8:01 Loom
10:01 Feudal Age
10:11 Man-at-Arms
15:59 Double-Bit Axe
22:32 Castle Age
20:33 Horse Collar
21:27 Fletching
21:37 Scale Mail Armor
22:00 Padded Archer Armor
22:32 Pikeman
23:41 Bow Saw
24:37 Gold Mining
26:12 Gold Shaft Mining
25:30 Crossbowman
27:27 Ballistics
29:10 Bodkin Arrow
43:12 Imperial Age
43:45 Arbalester
46:53 Forging
46:49 Scale Barding Armor
52:43 Conscription
52:36 Husbandry
51:56 Light Cavalry
53:41 Iron Casting
53:26 Chain Barding Armor
Connection lost

Rejoining the realm…

Still unreachable

The connection could not be restored.

Session expired

The server has moved on; the page needs a fresh start.